[ AOE2 MATCH · #506652219 ]
UnrankedBulgarians vs Goths
Player's team · LOSS
Rival team · WIN
[ REPLAY ANALYSIS · EXTRACTED FROM THE RECORDED GAME ]
Feudal
15:56
Castle
19:49
Imperial
40:03
| APM avg | 46.0 |
| APM peak | 95 |
| eAPM avg | 22.8 |
| Villagers / military | 152 / 885 |
Focus
⚔️ 49.7% · 🌾 50.3%
Spearman ×682 · Militia ×100 · Mangonel ×68 · Battering Ram ×9 · Konnik ×8 · Scorpion ×8
Feudal
13:07
Castle
24:24
Imperial
38:48
| APM avg | 56.9 |
| APM peak | 102 |
| eAPM avg | 32.3 |
| Villagers / military | 138 / 1007 |
Focus
⚔️ 56.3% · 🌾 43.7%
Spearman ×829 · Cavalry Archer ×57 · Scout Cavalry ×55 · Bombard Cannon ×28 · Huskarl ×23 · Knight ×5
Match map
Initial resources + every placement click. Lines = walls · curves = elevation contours. ◆ gold · ⬟ stone · ● berries · ✦ relic · ◌ wall gap
Your base· ✓ Closed at 19:49 · 82t walls · 1 gate(s)
atom's base· ✓ Closed at 24:24 · 9t walls · 1 gate(s)
Smoothed initial terrain · ◌ = detected wall gap · hover for details
Inputs per minute
— inhoftah - - atom
Build order — inhoftah
First 150 of 681 actions detected
| 0:01 | Create | Villager (Male) |
| 0:02 | Build | House |
| 0:04 | Build | House |
| 0:17 | Create | Villager (Male) |
| 0:18 | Research | Loom |
| 0:35 | Create | Villager (Male) |
| 0:36 | Create | Villager (Male) |
| 2:25 | Create | Villager (Male) |
| 3:06 | Create | Villager (Male) |
| 3:39 | Create | Villager (Male) |
| 4:12 | Build | Palisade Wall |
| 4:15 | Build | Palisade Wall |
| 4:22 | Build | House |
| 4:31 | Create | Villager (Male) |
| 4:31 | Create | Villager (Male) |
| 4:42 | Build | Palisade Wall |
| 4:51 | Create | Villager (Male) |
| 4:57 | Build | Palisade Wall |
| 4:59 | Build | Palisade Wall |
| 5:03 | Build | Palisade Wall |
| 5:03 | Build | Palisade Wall |
| 5:07 | Build | Palisade Wall |
| 5:08 | Build | Palisade Wall |
| 5:15 | Create | Villager (Male) |
| 5:33 | Build | Palisade Wall |
| 5:36 | Build | Palisade Wall |
| 5:39 | Build | Palisade Wall |
| 5:46 | Build | Palisade Gate |
| 6:01 | Build | Palisade Wall |
| 6:04 | Create | Villager (Male) |
| 6:14 | Build | Palisade Wall |
| 6:16 | Create | Villager (Male) |
| 6:26 | Build | Palisade Wall |
| 6:30 | Build | House |
| 6:53 | Build | Palisade Wall |
| 6:54 | Build | Palisade Wall |
| 6:55 | Build | Palisade Wall |
| 6:58 | Create | Villager (Male) |
| 7:09 | Build | Palisade Wall |
| 7:16 | Create | Villager (Male) |
| 7:24 | Build | Palisade Wall |
| 7:31 | Create | Villager (Male) |
| 7:48 | Build | Palisade Wall |
| 7:49 | Build | Palisade Wall |
| 7:51 | Create | Villager (Male) |
| 8:10 | Build | Palisade Wall |
| 8:11 | Build | Palisade Wall |
| 8:19 | Build | Lumber Camp |
| 8:23 | Create | Villager (Male) |
| 8:43 | Create | Villager (Male) |
| 8:46 | Build | Palisade Wall |
| 8:49 | Create | Villager (Male) |
| 9:00 | Create | Villager (Male) |
| 9:02 | Build | Palisade Wall |
| 9:19 | Create | Villager (Male) |
| 9:29 | Build | Palisade Wall |
| 9:36 | Build | Palisade Wall |
| 9:42 | Create | Villager (Male) |
| 9:50 | Create | Villager (Male) |
| 9:55 | Build | Palisade Wall |
| 9:56 | Build | House |
| 10:06 | Build | House |
| 10:07 | Build | House |
| 10:08 | Create | Villager (Male) |
| 10:33 | Build | Palisade Wall |
| 10:42 | Create | Villager (Male) |
| 10:46 | Build | Palisade Wall |
| 10:50 | Create | Villager (Male) |
| 11:01 | Build | Palisade Wall |
| 11:02 | Create | Villager (Male) |
| 11:15 | Build | House |
| 11:21 | Build | Palisade Wall |
| 11:34 | Build | Mill |
| 11:49 | Build | Palisade Wall |
| 11:57 | Create | Villager (Male) |
| 12:02 | Build | Palisade Wall |
| 12:16 | Create | Villager (Male) |
| 12:20 | Build | Palisade Wall |
| 12:45 | Create | Villager (Male) |
| 12:52 | Build | Mining Camp |
| 12:56 | Build | Palisade Wall |
| 13:03 | Create | Villager (Male) |
| 13:42 | Research | Feudal Age |
| 13:54 | Build | Palisade Wall |
| 13:58 | Build | Palisade Wall |
| 14:02 | Build | Palisade Wall |
| 14:51 | Build | Palisade Wall |
| 15:17 | Build | Palisade Wall |
| 15:26 | Build | Palisade Wall |
| 15:33 | Build | Palisade Wall |
| 15:38 | Create | Villager (Male) |
| 15:39 | Create | Villager (Male) |
| 15:44 | Build | Palisade Wall |
| 15:56 | Age | Feudal Age |
| 16:01 | Build | Watch Tower |
| 16:06 | Build | Stone Wall |
| 16:11 | Build | Blacksmith |
| 16:12 | Build | Market |
| 16:35 | Build | House |
| 16:35 | Build | House |
| 16:47 | Build | House |
| 17:09 | Research | Castle Age |
| 17:50 | Build | Mining Camp |
| 18:24 | Research | Fletching |
| 19:01 | Build | Stone Wall |
| 19:21 | Build | Lumber Camp |
| 19:49 | Age | Castle Age |
| 19:55 | Create | Villager (Male) |
| 19:55 | Create | Villager (Male) |
| 20:26 | Create | Villager (Male) |
| 20:46 | Build | Watch Tower |
| 20:50 | Create | Villager (Male) |
| 20:52 | Research | Horse Collar |
| 20:54 | Create | Villager (Male) |
| 21:06 | Build | Farm |
| 21:14 | Create | Villager (Male) |
| 21:23 | Build | Farm |
| 21:39 | Build | Farm |
| 21:52 | Build | Farm |
| 21:53 | Build | Farm |
| 22:07 | Build | Farm |
| 22:25 | Create | Villager (Male) |
| 22:46 | Build | Siege Workshop |
| 23:00 | Create | Villager (Male) |
| 23:02 | Create | Villager (Male) |
| 23:07 | Research | Bodkin Arrow |
| 23:29 | Build | Farm |
| 23:52 | Create | Mangonel |
| 24:05 | Build | Farm |
| 24:05 | Create | Villager (Male) |
| 24:06 | Create | Villager (Male) |
| 24:35 | Build | Farm |
| 24:36 | Create | Villager (Male) |
| 24:38 | Research | Double-Bit Axe |
| 25:23 | Create | Mangonel |
| 25:24 | Create | Villager (Male) |
| 25:26 | Build | Farm |
| 25:27 | Build | Farm |
| 25:29 | Create | Villager (Male) |
| 25:32 | Research | Double-Bit Axe |
| 25:47 | Build | Gate |
| 25:57 | Build | Farm |
| 25:59 | Create | Villager (Male) |
| 26:06 | Research | Bow Saw |
| 26:27 | Build | House |
| 26:30 | Build | House |
| 26:48 | Create | Villager (Male) |
| 27:12 | Create | Villager (Male) |
| 27:16 | Build | Town Center |
| 27:18 | Create | Villager (Male) |
Build order — atom
First 150 of 811 actions detected
| 0:02 | Create | Villager (Male) |
| 0:02 | Create | Villager (Male) |
| 0:02 | Create | Villager (Male) |
| 0:05 | Build | House |
| 0:07 | Build | House |
| 0:08 | Build | House |
| 0:10 | Create | Villager (Male) |
| 1:06 | Research | Loom |
| 1:07 | Research | Loom |
| 1:07 | Create | Villager (Male) |
| 1:31 | Create | Villager (Male) |
| 2:26 | Create | Villager (Male) |
| 3:01 | Create | Villager (Male) |
| 3:13 | Build | Palisade Gate |
| 3:16 | Build | House |
| 3:48 | Build | Palisade Wall |
| 4:15 | Create | Villager (Male) |
| 4:34 | Create | Villager (Male) |
| 4:51 | Build | Lumber Camp |
| 6:25 | Create | Villager (Male) |
| 6:38 | Create | Villager (Male) |
| 6:50 | Build | House |
| 7:09 | Create | Villager (Male) |
| 7:43 | Create | Villager (Male) |
| 7:58 | Create | Villager (Male) |
| 8:30 | Create | Villager (Male) |
| 8:37 | Build | House |
| 8:46 | Create | Villager (Male) |
| 9:17 | Create | Villager (Male) |
| 9:24 | Build | Barracks |
| 9:26 | Create | Villager (Male) |
| 9:26 | Create | Villager (Male) |
| 9:35 | Create | Villager (Male) |
| 10:02 | Create | Villager (Male) |
| 10:40 | Build | House |
| 10:57 | Research | Feudal Age |
| 11:03 | Build | House |
| 11:21 | Create | Militia |
| 11:40 | Build | Mining Camp |
| 11:43 | Create | Militia |
| 12:11 | Create | Militia |
| 12:16 | Build | Mill |
| 12:40 | Create | Militia |
| 13:07 | Age | Feudal Age |
| 13:09 | Create | Villager (Male) |
| 13:18 | Build | Watch Tower |
| 13:26 | Create | Villager (Male) |
| 13:31 | Build | Mining Camp |
| 13:40 | Create | Villager (Male) |
| 13:50 | Research | Man-at-Arms (upgrade) |
| 13:51 | Research | Man-at-Arms (upgrade) |
| 14:26 | Build | House |
| 14:27 | Create | Villager (Male) |
| 14:50 | Create | Villager (Male) |
| 15:02 | Create | Villager (Male) |
| 15:18 | Build | Blacksmith |
| 15:22 | Create | Villager (Male) |
| 15:32 | Build | Watch Tower |
| 15:38 | Create | Villager (Male) |
| 15:49 | Build | House |
| 16:06 | Build | House |
| 16:08 | Research | Fletching |
| 16:08 | Research | Fletching |
| 16:09 | Create | Villager (Male) |
| 16:50 | Create | Villager (Male) |
| 17:00 | Build | Market |
| 17:03 | Create | Villager (Male) |
| 17:30 | Create | Villager (Male) |
| 17:41 | Build | Watch Tower |
| 17:53 | Create | Villager (Male) |
| 17:55 | Build | Farm |
| 17:55 | Build | Farm |
| 18:19 | Create | Villager (Male) |
| 18:32 | Create | Villager (Male) |
| 18:41 | Build | Farm |
| 18:52 | Create | Villager (Male) |
| 19:07 | Create | Villager (Male) |
| 19:14 | Build | Farm |
| 19:14 | Build | Farm |
| 19:15 | Build | Farm |
| 19:48 | Create | Villager (Male) |
| 20:12 | Build | Barracks |
| 20:37 | Create | Villager (Male) |
| 20:43 | Build | House |
| 21:44 | Research | Castle Age |
| 21:44 | Research | Castle Age |
| 22:02 | Research | Double-Bit Axe |
| 22:13 | Build | Watch Tower |
| 22:25 | Create | Villager (Male) |
| 22:34 | Create | Villager (Male) |
| 22:45 | Build | Lumber Camp |
| 22:49 | Build | Farm |
| 22:51 | Build | Farm |
| 22:52 | Build | Farm |
| 23:15 | Research | Horse Collar |
| 24:09 | Build | Palisade Wall |
| 24:24 | Age | Castle Age |
| 24:29 | Build | Town Center |
| 24:34 | Create | Villager (Male) |
| 24:35 | Create | Villager (Male) |
| 24:59 | Create | Villager (Male) |
| 25:19 | Create | Villager (Male) |
| 25:24 | Build | Stable |
| 25:34 | Build | Town Center |
| 25:37 | Create | Villager (Male) |
| 25:40 | Research | Bow Saw |
| 26:13 | Create | Villager (Male) |
| 26:18 | Build | Farm |
| 26:18 | Build | Farm |
| 26:19 | Build | Farm |
| 26:21 | Build | Farm |
| 26:21 | Create | Villager (Male) |
| 26:23 | Create | Knight |
| 26:42 | Create | Villager (Male) |
| 26:48 | Create | Villager (Male) |
| 26:52 | Create | Villager (Male) |
| 26:58 | Create | Villager (Male) |
| 27:00 | Build | Farm |
| 27:01 | Build | Farm |
| 27:17 | Create | Villager (Male) |
| 27:19 | Build | Farm |
| 27:27 | Create | Knight |
| 27:31 | Create | Villager (Male) |
| 27:35 | Build | Farm |
| 27:35 | Create | Villager (Male) |
| 27:41 | Build | Farm |
| 27:41 | Create | Villager (Male) |
| 27:43 | Build | Farm |
| 27:44 | Build | Farm |
| 27:45 | Create | Villager (Male) |
| 27:47 | Build | Farm |
| 27:48 | Build | Farm |
| 27:56 | Build | House |
| 28:04 | Build | House |
| 28:05 | Build | House |
| 28:05 | Build | House |
| 28:07 | Create | Villager (Male) |
| 28:09 | Build | House |
| 28:14 | Create | Villager (Male) |
| 28:29 | Create | Villager (Male) |
| 28:32 | Build | Farm |
| 28:32 | Create | Villager (Male) |
| 28:34 | Build | Farm |
| 28:35 | Create | Villager (Male) |
| 28:39 | Build | House |
| 28:55 | Create | Villager (Male) |
| 29:00 | Create | Villager (Male) |
| 29:03 | Create | Villager (Male) |
| 29:06 | Build | Farm |
| 29:06 | Build | Farm |
Match timeline
| 3:48 | atom · wall_segment Palisade Wall x8 |
| 4:12 | inhoftah · wall_segment Palisade Wall x7 |
| 4:15 | inhoftah · wall_segment Palisade Wall x1 |
| 4:42 | inhoftah · wall_segment Palisade Wall x1 |
| 4:57 | inhoftah · wall_segment Palisade Wall x1 |
| 4:59 | inhoftah · wall_segment Palisade Wall x1 |
| 5:03 | inhoftah · wall_segment Palisade Wall x1 |
| 5:03 | inhoftah · wall_segment Palisade Wall x1 |
| 5:07 | inhoftah · wall_segment Palisade Wall x1 |
| 5:08 | inhoftah · wall_segment Palisade Wall x1 |
| 5:33 | inhoftah · wall_segment Palisade Wall x1 |
| 5:36 | inhoftah · wall_segment Palisade Wall x1 |
| 5:39 | inhoftah · wall_segment Palisade Wall x1 |
| 6:01 | inhoftah · wall_segment Palisade Wall x1 |
| 6:14 | inhoftah · wall_segment Palisade Wall x1 |
| 6:26 | inhoftah · wall_segment Palisade Wall x1 |
| 6:53 | inhoftah · wall_segment Palisade Wall x1 |
| 6:54 | inhoftah · wall_segment Palisade Wall x1 |
| 6:55 | inhoftah · wall_segment Palisade Wall x1 |
| 7:09 | inhoftah · wall_segment Palisade Wall x1 |
| 7:24 | inhoftah · wall_segment Palisade Wall x1 |
| 7:48 | inhoftah · wall_segment Palisade Wall x1 |
| 7:49 | inhoftah · wall_segment Palisade Wall x1 |
| 8:10 | inhoftah · wall_segment Palisade Wall x1 |
| 8:11 | inhoftah · wall_segment Palisade Wall x1 |
| 8:46 | inhoftah · wall_segment Palisade Wall x1 |
| 9:02 | inhoftah · wall_segment Palisade Wall x1 |
| 9:24 | atom · first_building Barracks |
| 9:29 | inhoftah · wall_segment Palisade Wall x1 |
| 9:36 | inhoftah · wall_segment Palisade Wall x1 |
| 9:55 | inhoftah · wall_segment Palisade Wall x1 |
| 10:33 | inhoftah · wall_segment Palisade Wall x1 |
| 10:46 | inhoftah · wall_segment Palisade Wall x1 |
| 11:01 | inhoftah · wall_segment Palisade Wall x1 |
| 11:21 | inhoftah · wall_segment Palisade Wall x1 |
| 11:49 | inhoftah · wall_segment Palisade Wall x1 |
| 12:02 | inhoftah · wall_segment Palisade Wall x1 |
| 12:20 | inhoftah · wall_segment Palisade Wall x1 |
| 12:56 | inhoftah · wall_segment Palisade Wall x1 |
| 13:07 | atom · age_up feudal |
| 13:54 | inhoftah · wall_segment Palisade Wall x2 |
| 13:58 | inhoftah · wall_segment Palisade Wall x1 |
| 14:02 | inhoftah · wall_segment Palisade Wall x5 |
| 14:51 | inhoftah · wall_segment Palisade Wall x10 |
| 15:17 | inhoftah · wall_segment Palisade Wall x1 |
| 15:26 | inhoftah · wall_segment Palisade Wall x6 |
| 15:33 | inhoftah · wall_segment Palisade Wall x4 |
| 15:44 | inhoftah · wall_segment Palisade Wall x1 |
| 15:56 | inhoftah · age_up feudal |
| 16:06 | inhoftah · wall_segment Stone Wall x3 |
| 19:01 | inhoftah · wall_segment Stone Wall x13 |
| 19:49 | inhoftah · age_up castle |
| 21:13 | atom · first_market_sell 500 wood |
| 21:15 | atom · first_market_buy 100 food |
| 21:50 | inhoftah · first_market_buy 100 wood |
| 22:46 | inhoftah · first_building Siege Workshop |
| 24:09 | atom · wall_segment Palisade Wall x1 |
| 24:24 | atom · age_up castle |
| 25:24 | atom · first_building Stable |
| 27:36 | inhoftah · wall_segment Stone Wall x1 |
| 27:54 | inhoftah · wall_segment Stone Wall x3 |
| 27:55 | inhoftah · wall_segment Stone Wall x1 |
| 28:44 | inhoftah · wall_segment Palisade Wall x1 |
| 28:46 | inhoftah · wall_segment Palisade Wall x1 |
| 28:49 | inhoftah · wall_segment Palisade Wall x1 |
| 28:55 | inhoftah · wall_segment Palisade Wall x1 |
| 28:56 | inhoftah · wall_segment Palisade Wall x1 |
| 28:59 | inhoftah · first_building Monastery |
| 29:10 | inhoftah · first_building Krepost |
| 29:16 | inhoftah · wall_segment Palisade Wall x1 |
| 29:17 | inhoftah · wall_segment Palisade Wall x1 |
| 29:18 | inhoftah · wall_segment Palisade Wall x1 |
| 30:22 | atom · first_building Monastery |
| 32:45 | atom · first_building Archery Range |
| 32:58 | atom · wall_segment Palisade Wall x2 |
| 33:05 | atom · wall_segment Palisade Wall x1 |
| 34:03 | atom · first_building Castle |
| 36:24 | inhoftah · first_market_sell 100 wood |
| 37:09 | inhoftah · first_building Barracks |
| 38:48 | atom · age_up imperial |
| 39:33 | inhoftah · first_building Castle |
| 40:03 | inhoftah · age_up imperial |
| 45:09 | atom · first_building Siege Workshop |
| 56:18 | inhoftah · first_building Archery Range |
| 62:20 | inhoftah · first_building Stable |
| 73:09 | inhoftah · resign |
[ AI ANALYSIS · 1 CREDIT ]
What really happened in this match?
Wolo.gg analyzes every decision: build order, eco, micro, common mistakes by bracket. Personalized analysis on WhatsApp or Discord in 30 seconds.
Civ guide
Bulgarians
Perfil
Jugador #3940090